[Event "Titled Tuesday Blitz January 31 Early 2023"]
[White "Ciuffoletti, Paolo"]
[Black "Sowul, Bartosz"]
[WhiteFideId "807630"]
[BlackFideId "1137590"]
[WhiteElo "2106"]
[BlackElo "2269"]
[Result "0-1"]
[Round "05"]
[TimeControl "180+2"]
[Date "2023.01.31"]
[WhiteClock "0:00:03"]
[BlackClock "0:00:18"]

1. e4 c5 2. d4 cxd4 3. c3 Nf6 4. e5 Nd5 5. Qxd4 e6 6. Bc4 Nc6 7. Qe4 Nb6 8. Bb3 d6 9. exd6 Bxd6 10. Nf3 O-O 11. Ng5 g6 12. Qh4 h5 13. O-O Kg7 14. Rd1 Qc7 15. Nd2 Ne7 16. Nge4 Be5 17. Nf3 Nf5 18. Qh3 Bf4 19. Ng3 Bxc1 20. Raxc1 e5 21. Nxf5+ Bxf5 22. Qg3 Rfe8 23. Nh4 Bg4 24. f3 Be6 25. Bxe6 Rxe6 26. Nf5+ Kh7 27. Ne3 Rd8 28. Rxd8 Qxd8 29. Rd1 Rd6 30. Rxd6 Qxd6 31. h4 f6 32. Kh2 Qd2 33. Nf1 Qxb2 34. Qe1 Qxa2 35. Qe4 Qd5 36. Qb4 Qd7 37. Ne3 Qc7 38. c4 e4+ 39. Kh1 exf3 40. gxf3 Nc8 41. c5 b6 42. cxb6 axb6 43. Qe4 Qg3 44. Qb7+ Kh6 45. Qxc8 Qe1+ 46. Kg2 Qe2+ 47. Kg3 Qe1+ 48. Kg2 Qd2+ 49. Kg3 Qd6+ 50. Kg2 Qd2+ 51. Kg3 Qd6+ 52. Kg2 Kh7 53. Qc7+ Qxc7 0-1


[Site "https://www.chess.com"]

[Event "Titled Tuesday Blitz January 31 Early 2023"]
[White "ritanovikova"]
[Black "Wahedi, Ahmad Siar"]
[BlackFideId "4651260"]
[WhiteElo "2206"]
[BlackElo "2274"]
[Result "0-1"]
[Round "05"]
[TimeControl "180+2"]
[Date "2023.01.31"]
[WhiteClock "0:01:21"]
[BlackClock "0:01:48"]

1. e4 e6 2. d4 d5 3. exd5 exd5 4. Bd3 Nf6 5. Nf3 Bd6 6. h3 h6 7. O-O O-O 8. Be3 Re8 9. Re1 Nbd7 10. Nbd2 c6 11. c3 Nf8 12. Nf1 Qc7 13. Qd2 Bd7 14. Re2 Re7 15. Rae1 Rae8 16. N1h2 Ne4 17. Qc2 f5 18. Nf1 Bc8 19. N3d2 f4 20. Bxf4 Bxf4 21. Nxe4 dxe4 22. Bxe4 Be6 23. Nd2 Bf7 24. Nc4 Bxc4 25. b3 Bxe2 0-1


[Site "https://www.chess.com"]

[Event "Titled Tuesday Blitz January 31 Early 2023"]
[White "Forgacs, Attila Jr."]
[Black "Ardila, Oscar Humberto"]
[WhiteFideId "773654"]
[BlackFideId "4404742"]
[WhiteElo "2264"]
[BlackElo "1982"]
[Result "1-0"]
[Round "05"]
[TimeControl "180+2"]
[Date "2023.01.31"]
[WhiteClock "0:00:30"]
[BlackClock "0:00:09"]

1. e4 e5 2. Nf3 Nf6 3. Nxe5 d6 4. Nf3 Nxe4 5. Bd3 Nf6 6. c3 Be7 7. Bc2 O-O 8. O-O Bg4 9. d4 Nbd7 10. h3 Bh5 11. Qd3 Bg6 12. Qd1 Bxc2 13. Qxc2 Re8 14. Bf4 Bf8 15. Nbd2 g6 16. Rfe1 Bg7 17. Ne4 Nxe4 18. Rxe4 Nf6 19. Rxe8+ Qxe8 20. Re1 Qd7 21. Qb3 b6 22. Bg5 Re8 23. Rxe8+ Nxe8 24. Qc4 d5 25. Qa6 c6 26. Bf4 f6 27. Bb8 Bf8 28. Qxa7 Qxa7 29. Bxa7 b5 30. Bb8 Kf7 31. b3 Ke6 32. a4 bxa4 33. bxa4 Kd7 34. Kf1 Kc8 35. Bf4 Ba3 36. Ke2 Bb2 37. Kd3 Kb7 38. Nd2 Ka6 39. Nb3 Ba3 40. c4 Bb4 41. cxd5 cxd5 42. f3 Kb6 43. Bd2 Bxd2 44. Kxd2 Nd6 45. Kd3 Nf5 46. Nc5 Nh4 47. Nd7+ Ka5 48. Nxf6 Nxg2 49. Nxd5 Kxa4 50. Kc4 Ka5 51. Kc5 Ka6 52. Kc6 Ka7 53. Ne7 Nf4 54. d5 Kb8 55. d6 Ne6 56. d7 Nd8+ 57. Kd6 Nf7+ 58. Ke6 Nd8+ 59. Kd6 Nf7+ 60. Kc6 Nd8+ 61. Kb6 Ne6 62. Nc6+ Ka8 63. d8=Q+ Nxd8 64. Nxd8 Kb8 65. Ne6 Kc8 66. Nf8 h6 67. Nxg6 Kd7 68. Kc5 Ke6 69. Nh4 Kf6 70. Kd4 Kg5 71. Ng2 h5 72. Ke5 1-0


[Site "https://www.chess.com"]

[Event "Titled Tuesday Blitz January 31 Early 2023"]
[White "Kornyukov, Alexey"]
[Black "Battlecruiser_Operational"]
[WhiteFideId "4150457"]
[WhiteElo "2452"]
[BlackElo "2422"]
[Result "0-1"]
[Round "05"]
[TimeControl "180+2"]
[Date "2023.01.31"]
[WhiteClock "0:01:05"]
[BlackClock "0:01:40"]

1. e4 e6 2. d4 d5 3. Nc3 h6 4. e5 c5 5. Nf3 Nc6 6. Bb5 Bd7 7. Bxc6 bxc6 8. O-O cxd4 9. Nxd4 c5 10. Nb3 Qb6 11. Be3 d4 12. Nxd4 cxd4 13. Bxd4 Qb7 14. Qd2 Ne7 15. Rad1 Nf5 16. Be3 Bc6 17. f3 Nxe3 18. Qxe3 Be7 19. Ne4 Bxe4 20. fxe4 O-O 21. Rf3 Qxb2 22. Rg3 Qxe5 23. Rf1 Bc5 0-1


[Site "https://www.chess.com"]

[Event "Titled Tuesday Blitz January 31 Early 2023"]
[White "Sanchez, Robert"]
[Black "Torres Dominguez, David"]
[WhiteFideId "2034360"]
[BlackFideId "2220857"]
[WhiteElo "1966"]
[BlackElo "1994"]
[Result "0-1"]
[Round "05"]
[TimeControl "180+2"]
[Date "2023.01.31"]
[WhiteClock "0:01:22"]
[BlackClock "0:00:47"]

1. e4 Nc6 2. Nf3 e5 3. Bb5 Nge7 4. c3 g6 5. d4 Bg7 6. dxe5 Nxe5 7. Nxe5 Bxe5 8. Bh6 c6 9. Bc4 d5 10. Bb3 dxe4 11. Qe2 Qd3 12. Qxd3 exd3 13. O-O Bg4 14. Re1 Be2 15. Nd2 Nf5 16. Bg5 h6 17. Nc4 Bxh2+ 18. Kxh2 hxg5+ 19. Kg1 O-O-O 20. Ne5 Rh7 21. Bxf7 Rdh8 22. f3 Ne3 23. Bxg6 Rh2 24. Rxe2 dxe2 25. Kf2 Nxg2 26. Kxe2 Nf4+ 27. Ke3 Re2+ 28. Kd4 Rxe5 29. Kxe5 Nxg6+ 30. Kf5 Nh4+ 31. Kxg5 Nxf3+ 32. Kf4 Nh4 33. Rg1 Rf8+ 34. Ke3 Nf5+ 35. Kd3 Nd6 36. Rg7 Rf7 37. Rg6 Kc7 38. b4 Rd7 39. Kc2 b5 40. Kb3 Nc4 41. a4 a6 42. axb5 0-1


[Site "https://www.chess.com"]

[Event "Titled Tuesday Blitz January 31 Early 2023"]
[White "Marin Ramirez, Gerardo"]
[Black "Belenkaya, Dina"]
[WhiteFideId "3901068"]
[BlackFideId "24142654"]
[WhiteElo "2127"]
[BlackElo "2267"]
[Result "0-1"]
[Round "05"]
[TimeControl "180+2"]
[Date "2023.01.31"]
[WhiteClock "0:00:02"]
[BlackClock "0:00:10"]

1. d4 Nf6 2. Nf3 d5 3. g3 c5 4. Bg2 e6 5. O-O Nc6 6. dxc5 Bxc5 7. c4 O-O 8. cxd5 Nxd5 9. Nbd2 Bd7 10. Ne4 Be7 11. Qb3 Qb6 12. Qxb6 axb6 13. a3 b5 14. Bd2 b4 15. axb4 Ncxb4 16. Nc3 Bf6 17. e4 Nxc3 18. bxc3 Nd3 19. e5 Be7 20. Nd4 Nxe5 21. Bxb7 Rab8 22. Ba6 Bc5 23. Bf4 f6 24. Bxe5 fxe5 25. Nc2 Rb2 26. Ne3 Rfxf2 27. Rxf2 Bxe3 28. Rf1 Bc6 29. Bc4 h5 30. Bxe6+ Kh7 31. c4 Bf3 32. Bf5+ g6 33. Bd3 e4 34. Bb1 Bxf2+ 35. Rxf2 Rxb1+ 36. Rf1 Rxf1+ 37. Kxf1 e3 38. c5 g5 39. c6 Bxc6 40. Ke2 Kg6 41. Kxe3 Kf5 0-1


[Site "https://www.chess.com"]

[Event "Titled Tuesday Blitz January 31 Early 2023"]
[White "Cramling Bellon, Anna"]
[Black "Chakravarthi Reddy, M"]
[WhiteFideId "32009232"]
[BlackFideId "25009532"]
[WhiteElo "2043"]
[BlackElo "2279"]
[Result "0-1"]
[Round "05"]
[TimeControl "180+2"]
[Date "2023.01.31"]
[WhiteClock "0:00:02"]
[BlackClock "0:00:54"]

1. d4 d5 2. c4 c6 3. Nf3 Nf6 4. Nc3 e6 5. e3 Nbd7 6. Bd3 Bd6 7. O-O dxc4 8. Bxc4 b5 9. Bd3 O-O 10. e4 e5 11. d5 cxd5 12. Nxb5 dxe4 13. Nxd6 exd3 14. Qxd3 Nc5 15. Qd1 Ba6 16. Re1 Nd3 17. Nf5 Nxe1 18. Qxe1 Qd3 19. Ne7+ Kh8 20. Nxe5 Qd6 21. Bf4 Qe6 22. N5g6+ hxg6 23. Nxg6+ Kg8 24. Ne7+ Kh7 25. Qb1+ g6 26. Nxg6 fxg6 27. Qc2 Rae8 28. Qc3 Nd5 0-1


[Site "https://www.chess.com"]

[Event "Titled Tuesday Blitz January 31 Early 2023"]
[White "Krzywda, Andrzej"]
[Black "Tuleyeva-Aketayeva, Dana"]
[WhiteFideId "1114565"]
[BlackFideId "13701932"]
[WhiteElo "2223"]
[BlackElo "2130"]
[Result "0-1"]
[Round "05"]
[TimeControl "180+2"]
[Date "2023.01.31"]
[WhiteClock "0:00:35"]
[BlackClock "0:00:13"]

1. e4 c5 2. Nf3 Nc6 3. Bb5 g6 4. Bxc6 dxc6 5. d3 Bg7 6. h3 Nf6 7. O-O O-O 8. Nc3 Re8 9. Be3 b6 10. a4 Nd7 11. Nd2 Nf8 12. f4 Ne6 13. e5 Nd4 14. Nde4 Be6 15. Ng5 Bd5 16. Nxd5 cxd5 17. Bxd4 cxd4 18. e6 f6 19. Nf3 Qc8 20. Qe2 Qc5 21. f5 Rac8 22. Rf2 Bh6 23. Kh1 Be3 24. Rff1 Qxc2 25. Qe1 Qxd3 26. Nh4 Bg5 27. fxg6 hxg6 28. Nf3 Qe3 29. Qg3 Qf4 30. Qe1 Rc2 31. Rd1 Qe3 32. Qg3 Rxb2 33. Nxd4 Qxg3 34. Rg1 Bf4 35. Nf3 Qxf3 36. Rdf1 Qxh3+ 37. gxh3 Rh2# 0-1


[Site "https://www.chess.com"]

[Event "Titled Tuesday Blitz January 31 Early 2023"]
[White "Estrada Nieto, Julian"]
[Black "Winkels, Marcel"]
[WhiteFideId "5101018"]
[BlackFideId "1003887"]
[WhiteElo "2215"]
[BlackElo "1960"]
[Result "1-0"]
[Round "05"]
[TimeControl "180+2"]
[Date "2023.01.31"]
[WhiteClock "0:00:33"]
[BlackClock "0:00:10"]

1. e4 c5 2. Nf3 Nc6 3. Bb5 g6 4. Bxc6 bxc6 5. O-O Bg7 6. Re1 d6 7. c3 e5 8. d4 cxd4 9. cxd4 Bg4 10. dxe5 Bxf3 11. Qxf3 dxe5 12. Na3 Ne7 13. Bg5 O-O 14. Red1 Qc7 15. Bxe7 Qxe7 16. Rac1 Rac8 17. Nc4 Rfd8 18. b3 Bh6 19. Rb1 Qc5 20. g3 Rd4 21. Rxd4 exd4 22. e5 Bf8 23. Re1 Re8 24. Qd3 Rd8 25. f4 Qd5 26. Kf2 Bb4 27. Re2 a5 28. a3 Be7 29. Qe4 Qxe4 30. Rxe4 d3 31. Ke1 Rb8 32. Nxa5 Bxa3 33. Kd1 c5 34. Ra4 Bb4 35. Nc6 Rb7 36. Nxb4 cxb4 37. Ra8+ Kg7 38. Rd8 Rd7 39. Rxd7 1-0


[Site "https://www.chess.com"]

[Event "Titled Tuesday Blitz January 31 Early 2023"]
[White "Babikov, Ivan"]
[Black "kiwibobo"]
[WhiteFideId "4161106"]
[WhiteElo "2239"]
[BlackElo "2040"]
[Result "1-0"]
[Round "05"]
[TimeControl "180+2"]
[Date "2023.01.31"]
[WhiteClock "0:00:56"]
[BlackClock "0:00:16"]

1. d4 Nf6 2. Bg5 Ne4 3. Bf4 c5 4. e3 d5 5. Nf3 Nc6 6. c3 Qb6 7. Qc1 Bf5 8. Nbd2 h6 9. Be2 e6 10. O-O Be7 11. Nxe4 Bxe4 12. Qd2 O-O 13. Ne5 Nxe5 14. Bxe5 Bd6 15. Bg3 Bxg3 16. hxg3 Qc7 17. Rfd1 Rfd8 18. Rac1 e5 19. dxe5 Qxe5 20. Bd3 Rac8 21. Qe2 Bxd3 22. Qxd3 Rc6 23. Rd2 Rcd6 24. Rcd1 d4 25. cxd4 cxd4 26. exd4 Rxd4 27. Qxd4 Rxd4 28. Rxd4 Qb5 29. R1d2 Kh7 30. Rd7 Qc4 31. R7d4 Qxa2 32. Rd7 Qc4 33. Kh2 Qb4 34. Re2 Qb5 35. Ree7 Qxb2 36. Rxb7 Qxf2 37. Rxf7 Qd4 38. Rxa7 Qc3 39. Rxg7+ Qxg7 40. Rxg7+ Kxg7 41. Kh3 Kh7 42. Kh4 Kg6 43. Kg4 Kf6 44. Kh5 Kg7 45. g4 Kh7 46. g5 hxg5 47. Kxg5 Kg8 48. Kg6 1-0


[Site "https://www.chess.com"]

[Event "Titled Tuesday Blitz January 31 Early 2023"]
[White "Mushini Ajay"]
[Black "Adithya A Chullikkad"]
[WhiteFideId "35066188"]
[BlackFideId "45078734"]
[WhiteElo "2310"]
[BlackElo "2259"]
[Result "1-0"]
[Round "05"]
[TimeControl "180+2"]
[Date "2023.01.31"]
[WhiteClock "0:00:34"]
[BlackClock "0:00:10"]

1. e4 c5 2. Nf3 d6 3. Bb5+ Nd7 4. d4 cxd4 5. Qxd4 a6 6. Bxd7+ Bxd7 7. O-O Nf6 8. c4 e6 9. Nc3 Be7 10. a4 O-O 11. b3 Bc6 12. Ba3 d5 13. Bxe7 Qxe7 14. e5 Ne4 15. Nxe4 dxe4 16. Nd2 Rfd8 17. Qe3 Rd3 18. Qe2 Qh4 19. Rfe1 Rad8 20. Nxe4 Bxe4 21. Qxe4 Qxe4 22. Rxe4 Rxb3 23. Re2 g6 24. g3 Rd4 25. Rc2 Rb4 26. c5 Rxa4 27. Rxa4 Rxa4 28. c6 bxc6 29. Rxc6 a5 30. Rc7 Rd4 31. Ra7 Rd5 32. f4 g5 33. Kf2 g4 34. Ke3 Kg7 35. Ke4 Kg6 36. f5+ Kg5 37. Rxf7 Rd8 38. fxe6 Re8 39. Kd5 a4 40. Ra7 Kf5 41. e7 a3 42. Kd6 Rg8 43. Rxa3 1-0


[Site "https://www.chess.com"]

[Event "Titled Tuesday Blitz January 31 Early 2023"]
[White "Mkrtchian, Lilit"]
[Black "Szente Varga, Fruzsina"]
[WhiteFideId "13300601"]
[BlackFideId "712264"]
[WhiteElo "2389"]
[BlackElo "2075"]
[Result "1-0"]
[Round "05"]
[TimeControl "180+2"]
[Date "2023.01.31"]
[WhiteClock "0:02:12"]
[BlackClock "0:00:30"]

1. Nf3 Nf6 2. g3 g6 3. Bg2 Bg7 4. O-O d5 5. c4 c6 6. d4 O-O 7. Qb3 Ne4 8. Nc3 e6 9. Rd1 Nd7 10. Nxe4 dxe4 11. Ng5 h5 12. Nxe4 Nf6 13. Bg5 Bd7 14. Qf3 1-0


[Site "https://www.chess.com"]

[Event "Titled Tuesday Blitz January 31 Early 2023"]
[White "Lopez Idarraga, Daniel Eduardo"]
[Black "Vaglio Munoz, Jaime"]
[WhiteFideId "4405501"]
[BlackFideId "6500145"]
[WhiteElo "2009"]
[BlackElo "2174"]
[Result "1-0"]
[Round "05"]
[TimeControl "180+2"]
[Date "2023.01.31"]
[WhiteClock "0:00:12"]
[BlackClock "0:00:03"]

1. Nf3 c6 2. b3 d5 3. Bb2 Bf5 4. d3 e6 5. Nbd2 Nf6 6. e4 Bg4 7. h3 Bh5 8. g4 Bg6 9. Qe2 Bb4 10. a3 Bc5 11. Ne5 dxe4 12. dxe4 Nbd7 13. Nxg6 hxg6 14. Bg2 Qb6 15. Nc4 Qc7 16. O-O-O O-O-O 17. Bf3 b5 18. Ne3 Ne5 19. Bg2 Qb6 20. Kb1 Bd4 21. Bxd4 Rxd4 22. f4 Ned7 23. Bf3 Qc5 24. Rxd4 Qxd4 25. Rd1 Qc5 26. g5 Ne8 27. Bg4 Kc7 28. b4 Qe7 29. c4 a6 30. c5 f6 31. gxf6 gxf6 32. Qa2 f5 33. Bf3 Rxh3 34. Qg2 Qh4 35. exf5 gxf5 36. Bxc6 Nef6 37. Bxd7 Rxe3 38. Bxe6 Rxe6 39. Qg7+ Kc8 40. Qf8+ Ne8 41. Qxf5 Qf6 42. Qd5 Qe7 43. Qa8+ Kc7 44. Qa7+ Kc8 45. Qa8+ Kc7 46. f5 Re1 47. Qa7+ Kc8 48. Qxa6+ Kb8 49. Qxb5+ Ka8 50. Rxe1 Qxe1+ 51. Kb2 Qe5+ 52. Kb3 Nc7 53. Qc6+ Kb8 54. f6 Nd5 55. f7 Qc3+ 56. Ka4 Qc2+ 57. Ka5 Qf5 58. Qxd5 Qxd5 59. f8=Q+ Ka7 60. Qe7+ Ka8 61. Qe8+ Ka7 62. Qb5 1-0


[Site "https://www.chess.com"]

[Event "Titled Tuesday Blitz January 31 Early 2023"]
[White "Hertlein, Irena"]
[Black "Lauridsen, Jesper Morch"]
[WhiteFideId "21817618"]
[BlackFideId "1401890"]
[WhiteElo "1994"]
[BlackElo "2309"]
[Result "0-1"]
[Round "05"]
[TimeControl "180+2"]
[Date "2023.01.31"]
[WhiteClock "0:01:03"]
[BlackClock "0:01:56"]

1. Nf3 Nf6 2. c4 c5 3. Nc3 e6 4. g3 d5 5. cxd5 exd5 6. d4 Nc6 7. Bg2 cxd4 8. Nxd4 Bc5 9. Nxc6 bxc6 10. O-O O-O 11. Bg5 h6 12. Bxf6 Qxf6 13. Rc1 Bb6 14. Na4 Re8 15. Qc2 Ba6 16. Rfe1 Bxf2+ 17. Kh1 Bxe1 18. Rxe1 Qf2 19. Rf1 Qxe2 20. Qxc6 Bb5 21. Qxd5 Bxa4 22. Qxf7+ Kh8 23. Bxa8 Rxa8 24. Qf4 Bc6+ 0-1


[Site "https://www.chess.com"]

[Event "Titled Tuesday Blitz January 31 Early 2023"]
[White "Kiseleva, Arina"]
[Black "Cueto, Jonny"]
[WhiteFideId "4164989"]
[BlackFideId "3300145"]
[WhiteElo "1962"]
[BlackElo "2122"]
[Result "0-1"]
[Round "05"]
[TimeControl "180+2"]
[Date "2023.01.31"]
[WhiteClock "0:00:03"]
[BlackClock "0:00:11"]

1. d4 e6 2. Nf3 Nf6 3. e3 b6 4. Bd3 Bb7 5. O-O d5 6. Nbd2 Bd6 7. b3 O-O 8. Ne5 Bxe5 9. dxe5 Nfd7 10. f4 f5 11. exf6 Nxf6 12. Bb2 Nbd7 13. Rf3 Qe7 14. Rh3 e5 15. fxe5 Nxe5 16. Bf5 Rae8 17. Nf3 Nxf3+ 18. Qxf3 g6 19. Bd3 Ne4 20. Qe2 Rf2 21. Qg4 Bc8 22. Qh4 Bxh3 23. Qxh3 Ref8 24. Qh6 R8f7 25. Bxe4 dxe4 26. Rd1 Qf8 27. Qxf8+ Rxf8 28. Rc1 R8f7 29. h3 Re2 30. Bd4 c5 31. Be5 Rxe3 32. Rd1 Rf8 33. Rd7 Re8 34. Rg7+ Kf8 35. Rxh7 Rxe5 36. Rh8+ Kf7 37. Rh7+ Kf6 38. Rxa7 Kf5 39. Kh2 Re2 40. Rf7+ Kg5 41. Rb7 Rd5 42. Rxb6 Rdd2 43. h4+ Kh5 44. Rxg6 Rxg2+ 45. Rxg2 e3 46. a4 e2 47. Rxe2 Rxe2+ 48. Kg3 Rxc2 49. Kf4 Rc3 50. a5 Rxb3 51. a6 Ra3 52. Ke5 Rxa6 53. Kd5 Ra4 54. Kxc5 Rxh4 0-1


[Site "https://www.chess.com"]

[Event "Titled Tuesday Blitz January 31 Early 2023"]
[White "Kosakowski, Jakub"]
[Black "De Souza, Cristiano Gomes"]
[WhiteFideId "1185080"]
[BlackFideId "2151758"]
[WhiteElo "2485"]
[BlackElo "2018"]
[Result "1-0"]
[Round "05"]
[TimeControl "180+2"]
[Date "2023.01.31"]
[WhiteClock "0:00:32"]
[BlackClock "0:00:34"]

1. e4 c5 2. Nf3 d6 3. d4 cxd4 4. Nxd4 Nf6 5. Nc3 a6 6. Be3 e5 7. Nb3 Be6 8. f3 Be7 9. Qd2 O-O 10. O-O-O Nbd7 11. g4 b5 12. g5 Nh5 13. Kb1 Nb6 14. Nd5 Nxd5 15. exd5 Bf5 16. Na5 g6 17. Nc6 Qd7 18. Bd3 Ng7 19. h4 f6 20. h5 fxg5 21. hxg6 hxg6 22. Bxg5 Bxg5 23. Qxg5 Rac8 24. Bxf5 Rxf5 25. Ne7+ Kf7 26. Qxg6+ Kxe7 27. Qxg7+ Kd8 28. Qxd7+ Kxd7 29. Rh7+ Ke8 30. Rg1 Rc5 31. Ra7 Kf8 32. Rd1 Rxf3 33. a3 e4 34. Rxa6 e3 35. Rxd6 e2 36. Rc1 Re3 37. Re1 Ke7 38. Re6+ Rxe6 39. dxe6 Re5 40. Kc1 Kxe6 41. Kd2 Kd6 42. Rxe2 Rd5+ 43. Kc3 Kc5 44. Re6 Rh5 45. b4+ Kd5 46. Rb6 Rh3+ 47. Kb2 Kc4 48. Rc6+ Kd4 49. Rc5 1-0


[Site "https://www.chess.com"]

[Event "Titled Tuesday Blitz January 31 Early 2023"]
[White "Dilmukhametov, Artur"]
[Black "Petukhov, Dmitry"]
[WhiteFideId "24179922"]
[BlackFideId "4142748"]
[WhiteElo "2276"]
[BlackElo "2350"]
[Result "0-1"]
[Round "05"]
[TimeControl "180+2"]
[Date "2023.01.31"]
[WhiteClock "0:01:36"]
[BlackClock "0:02:02"]

1. d4 Nf6 2. Nc3 d5 3. Bf4 Bf5 4. Nf3 e6 5. Ne5 Bb4 6. g4 Nxg4 7. Nxg4 Bxg4 8. Rg1 Bh5 9. Rxg7 Bg6 10. h4 Nd7 11. e3 Qf6 12. Bh6 Bf8 13. h5 Bxg7 14. Bxg7 Qxg7 15. hxg6 hxg6 16. Bb5 c6 17. Bd3 Rh1+ 18. Bf1 O-O-O 19. Qe2 Rdh8 20. O-O-O Rg1 21. Qd3 Rhh1 22. Be2 Qh6 23. Bf3 Rxd1+ 24. Nxd1 Rg1 25. b3 f5 26. Be2 Nf6 27. c4 Ne4 28. Kc2 Qh4 29. cxd5 exd5 30. b4 Nxf2 31. Nxf2 Qxf2 32. Kd2 Qe1+ 0-1


[Site "https://www.chess.com"]

[Event "Titled Tuesday Blitz January 31 Early 2023"]
[White "Corredor Castellanos, Camilo"]
[Black "Santos Flores, Alberto"]
[WhiteFideId "4425871"]
[BlackFideId "3601234"]
[WhiteElo "1957"]
[BlackElo "2164"]
[Result "0-1"]
[Round "05"]
[TimeControl "180+2"]
[Date "2023.01.31"]
[WhiteClock "0:01:16"]
[BlackClock "0:01:52"]

1. d4 d5 2. c4 c6 3. Nf3 Nf6 4. e3 Bf5 5. Nc3 e6 6. Bd3 Bg6 7. O-O Nbd7 8. b3 Be7 9. Bb2 O-O 10. Qe2 Bxd3 11. Qxd3 a5 12. Rfd1 Re8 13. h3 h6 14. a3 Qb8 15. Rac1 Qa7 16. Na4 Rab8 17. Ne5 Nxe5 18. dxe5 Nd7 19. cxd5 cxd5 20. Bd4 b6 21. Qb5 Nc5 22. b4 axb4 23. axb4 Nxa4 24. Ra1 Ra8 25. Ra3 Qa6 26. Qd7 b5 0-1


[Site "https://www.chess.com"]

[Event "Titled Tuesday Blitz January 31 Early 2023"]
[White "Clawitter, Craig"]
[Black "Papayan, Oleg"]
[WhiteFideId "2023105"]
[BlackFideId "4193911"]
[WhiteElo "2050"]
[BlackElo "2253"]
[Result "0-1"]
[Round "05"]
[TimeControl "180+2"]
[Date "2023.01.31"]
[WhiteClock "0:00:08"]
[BlackClock "0:00:35"]

1. e4 d5 2. exd5 Qxd5 3. Nc3 Qd8 4. d4 c6 5. Nf3 Bf5 6. Bc4 e6 7. Bg5 Be7 8. Qd2 h6 9. Bxe7 Nxe7 10. O-O-O Nd7 11. h3 b5 12. Bd3 Nb6 13. Bxf5 Nxf5 14. g4 Nc4 15. Qf4 Ne7 16. Ne5 Nxe5 17. dxe5 Qc7 18. Ne4 Ng6 19. Qg3 Qxe5 20. Nd6+ Ke7 21. Qa3 Qf4+ 22. Kb1 b4 23. Qa6 Rhd8 24. Qxc6 Kf8 25. Rhe1 Kg8 26. Qc7 a5 27. Re4 Qxe4 28. Qxf7+ Kh7 29. b3 Rxd6 30. Rxd6 Qe1+ 31. Kb2 Qe5+ 0-1


[Site "https://www.chess.com"]

[Event "Titled Tuesday Blitz January 31 Early 2023"]
[White "Kleiman, Jake"]
[Black "Alhadad, Mahmoud"]
[WhiteFideId "2020041"]
[BlackFideId "11501863"]
[WhiteElo "2399"]
[BlackElo "1840"]
[Result "1-0"]
[Round "05"]
[TimeControl "180+2"]
[Date "2023.01.31"]
[WhiteClock "0:00:23"]
[BlackClock "0:00:02"]

1. h4 d5 2. d4 Nc6 3. c4 e5 4. dxe5 d4 5. Nf3 Bb4+ 6. Nbd2 Bg4 7. Qa4 Bxf3 8. gxf3 Ne7 9. a3 Bxd2+ 10. Bxd2 O-O 11. f4 Qd7 12. Bh3 Nf5 13. Qc2 Nce7 14. Qe4 Qc6 15. f3 Qxe4 16. fxe4 Ng3 17. Bb4 Nxh1 18. Bxe7 Rfe8 19. Bc5 Ng3 20. Bxd4 Nxe4 21. Bg2 f5 22. exf6 gxf6 23. Bf3 f5 24. O-O-O Rad8 25. Rg1+ Kf8 26. Be5 Rd7 27. Kc2 c6 28. Kb3 Nd2+ 29. Kc3 Nxf3 30. exf3 Red8 31. Rg5 Rd3+ 32. Kb4 Rxf3 33. Rxf5+ Ke8 34. Rh5 Rd7 35. Rh6 Rf7 36. Re6+ Kd7 37. Rd6+ Kc8 38. Re6 Kd7 39. Rh6 Kc8 40. a4 Kd7 41. a5 a6 42. Kc5 Rb3 43. Rd6+ Kc8 44. Rh6 Kd7 45. Rh5 Kc8 46. Rg5 Kd7 47. Rg8 Ke6 48. Re8+ Kf5 49. Rg8 Ke4 50. Rg5 Kd3 51. h5 Kc2 52. h6 Rh3 53. Rg7 Rxg7 54. hxg7 Rg3 55. f5 Rg5 56. f6 Rxe5+ 57. Kd6 Rg5 58. f7 Rxg7 59. f8=Q Rg6+ 60. Kc7 Kxb2 61. Kxb7 Kb3 62. Kxa6 Kxc4 63. Kb7 Rg5 64. Qf4+ Kb5 65. Qxg5+ Ka4 66. Qc5 h5 67. a6 h4 68. a7 h3 69. a8=Q+ Kb3 70. Qaa3# 1-0


[Site "https://www.chess.com"]

[Event "Titled Tuesday Blitz January 31 Early 2023"]
[White "Silvestre, Christian"]
[Black "Thomas, Anysia"]
[WhiteFideId "30956269"]
[BlackFideId "670472"]
[WhiteElo "1942"]
[BlackElo "2147"]
[Result "1-0"]
[Round "05"]
[TimeControl "180+2"]
[Date "2023.01.31"]
[WhiteClock "0:01:02"]
[BlackClock "0:00:03"]

1. Nf3 g6 2. g3 c5 3. Bg2 Nc6 4. O-O Bg7 5. c3 Nf6 6. e3 O-O 7. d4 d6 8. Nbd2 Rb8 9. Nb3 b6 10. Bd2 c4 11. Nc1 Bf5 12. Nh4 Bd7 13. e4 e5 14. d5 Ne7 15. f4 Bg4 16. Bf3 Qd7 17. f5 gxf5 18. Bxg4 fxg4 19. Bg5 Nxe4 20. Bxe7 Qxe7 21. Qxg4 Nf6 22. Qd1 e4 23. Nf5 Qe5 24. Ne2 Rfe8 25. Nxg7 Kxg7 26. Nd4 e3 27. Qf3 e2 28. Rfe1 Qe3+ 29. Kg2 Qxf3+ 30. Kxf3 Nxd5 31. Rxe2 Rxe2 32. Kxe2 Re8+ 33. Kf2 Re5 34. Rd1 Nf6 35. Nc6 Rf5+ 36. Kg2 d5 37. Nxa7 Re5 38. Rd2 Ne4 39. Re2 Rf5 40. Nc8 h5 41. Nxb6 Nc5 42. a4 Nd3 43. a5 Rg5 44. a6 Nf4+ 45. Kf3 Nxe2 46. a7 Ng1+ 47. Kg2 h4 48. Kxg1 hxg3 49. a8=Q gxh2+ 50. Kh1 Rg1+ 51. Kxh2 Rb1 52. Qa2 Rxb2+ 53. Qxb2 1-0


[Site "https://www.chess.com"]

[Event "Titled Tuesday Blitz January 31 Early 2023"]
[White "Jiganchine, Roman"]
[Black "Hartikainen, Jarmo"]
[WhiteFideId "2603667"]
[BlackFideId "503134"]
[WhiteElo "2205"]
[BlackElo "2108"]
[Result "1-0"]
[Round "05"]
[TimeControl "180+2"]
[Date "2023.01.31"]
[WhiteClock "0:00:23"]
[BlackClock "0:00:13"]

1. e4 c5 2. Nf3 e6 3. g3 Nc6 4. Bg2 Nf6 5. d3 d5 6. Qe2 Be7 7. O-O O-O 8. e5 Nd7 9. Re1 Qc7 10. Bf4 b6 11. h4 Bb7 12. Nbd2 a5 13. c3 a4 14. a3 b5 15. Nf1 b4 16. N1h2 bxa3 17. bxa3 d4 18. c4 Na5 19. Ng4 Kh8 20. h5 Nb3 21. h6 g6 22. Rab1 Bc6 23. Bg5 Qd8 24. Bxe7 Qxe7 25. Nd2 Nxd2 26. Qxd2 Rab8 27. Bxc6 f5 28. exf6 Nxf6 29. Nxf6 Qxf6 30. Be4 Rfe8 31. f3 Qf8 32. Kg2 Rb3 33. Rxb3 axb3 34. Rb1 Rb8 35. Rb2 Kg8 36. Qg5 Qd6 37. Qf6 1-0


[Site "https://www.chess.com"]

[Event "Titled Tuesday Blitz January 31 Early 2023"]
[White "Bongo Akanga Ndjila, Barthelemy"]
[Black "Ruiz Aguilar, Pablo Alexander"]
[WhiteFideId "10609431"]
[BlackFideId "4401352"]
[WhiteElo "1824"]
[BlackElo "2161"]
[Result "1-0"]
[Round "05"]
[TimeControl "180+2"]
[Date "2023.01.31"]
[WhiteClock "0:00:19"]
[BlackClock "0:00:01"]

1. d4 d5 2. c4 c6 3. Qc2 Nf6 4. Nf3 g6 5. e3 Bf5 6. Bd3 Bxd3 7. Qxd3 Bg7 8. Nbd2 O-O 9. O-O Na6 10. a3 Nc7 11. b4 dxc4 12. Nxc4 Nb5 13. a4 Nd6 14. Nce5 Nd5 15. b5 cxb5 16. axb5 a6 17. bxa6 Nb4 18. Qb3 Rxa6 19. Ba3 Nc6 20. Bxd6 Qxd6 21. Qxb7 Nxe5 22. Rxa6 Nxf3+ 23. gxf3 Qd8 24. Rfa1 e6 25. Ra8 Qg5+ 26. Kf1 Qf5 27. Rxf8+ Bxf8 28. Ra8 Kg7 29. Qb8 Be7 30. Qe8 Bd6 31. f4 Kh6 32. Qd8 Qh3+ 33. Ke1 Bb4+ 34. Ke2 Qg4+ 35. Kd3 Qd1+ 36. Kc4 Qd2 37. Rc8 Ba3 38. Kb3 Qb2+ 39. Kc4 Qc2+ 40. Kb5 Qb3+ 41. Kc6 Qa4+ 42. Kb7 Qb5+ 43. Qb6 Qd7+ 44. Rc7 Qd5+ 45. Ka7 Bd6 46. Rxf7 Qa2+ 47. Kb7 Qd5+ 48. Kc8 Qa8+ 49. Kd7 Bb8 50. Kxe6 Qe4+ 51. Kd7 Qd5+ 52. Ke8 1-0


[Site "https://www.chess.com"]